Map: King's Cove LE

Players

SpeCial - Winner!

  • Race: Terran Terran
  • Spawn Location: 5:00

Cham

  • Race: Zerg Zerg
  • League: Grandmaster
  • Spawn Location: 11:00

Event: 2019 WCS Winter Americas

VOD

Have the link to the VOD?

Description

Time

  • Played on: Feb. 14, 2019, 12:52 p.m.
  • Length: 10:57

All games in this series

Show
View Real Time Build Order
Export as new Build Order

SpeCial Terran - Winner!

Build Orders: Hellion Opening, Reaper Expand 

Get SALT Encoding   

  12  0:01  SCV  
  13  0:13  SCV  
  14  0:18  Supply Depot  
  14  0:25  SCV  
  15  0:40  SCV, Barracks  
  16  0:44  Refinery  
  16  0:52  SCV  
  18  1:04  SCV  
  18  1:16  SCV  
  19  1:28  Reaper, Orbital Command  
  20  1:41  Command Center  
  20  1:50  Supply Depot  
  20  1:54  SCV  
  21  1:59  Marine  
  22  2:05  Factory  
  22  2:09  SCV  
  22  2:14  Refinery  
  23  2:21  SCV  
  23  2:22  Barracks Reactor  
  24  2:33  SCV  
  25  2:46  SCV  
  26  2:52  Starport  
  26  2:53  Orbital Command  
  26  2:58  SCV  
  27  3:04  Hellion  
  27  3:05  Hellion, Barracks Tech Lab  
  31  3:10  SCV  
  32  3:19  SCV  
  33  3:20  Supply Depot  
  33  3:22  SCV  
  33  3:26  Hellion x2  
  38  3:31  SCV  
  38  3:33  Marine  
  40  3:34  SCV  
  40  3:39  Raven  
  43  3:43  SCV  
  43  3:45  Supply Depot  
  43  3:46  SCV  
  47  3:48  Hellion  
  47  3:50  Hellion  
  49  3:56  SCV  
  49  3:58  SCV  
  53  4:14  SCV, Command Center  
  52  4:21  Supply Depot  
  52  4:22  Raven  
  54  4:25  SCV  
  54  4:26  SCV  
  56  4:34  Factory Reactor, Barracks  
  56  4:39  Barracks  
  56  4:42  Barracks Tech Lab  
  56  4:43  SCV x2  
  58  4:55  SCV x2  
  60  5:01  Marine  
  60  5:02  Engineering Bay  
  60  5:03  Engineering Bay  
  61  5:07  SCV x2  
  61  5:10  Stimpack  
  63  5:15  Refinery x2  
  63  5:19  SCV x2, Marine  
  63  5:20  Starport Reactor  
  66  5:24  Marine x2  
  68  5:31  SCV x2  
  68  5:35  Orbital Command  
  70  5:37  Marine  
  70  5:40  Terran Infantry Weapons Level 1, Terran Infantry Armor Level 1  
  70  5:42  Marine  
  71  5:45  SCV  
  71  5:46  Barracks  
  71  5:47  Supply Depot, Barracks  
  71  5:49  Marine  
  74  5:51  Marine  
  74  5:55  Marine x2  
  75  5:57  Medivac  
  75  5:59  Medivac  
  75  6:00  Marine  
  75  6:01  SCV x2  
  82  6:07  Orbital Command, Marine  
  82  6:08  Marine  
  84  6:13  Marine x2  
  86  6:18  Supply Depot  
  86  6:19  SCV x2  
  86  6:20  Supply Depot  
  86  6:22  Marine  
  86  6:25  Siege Tank, Marine  
  93  6:40  SCV x3, Marine x2  
  93  6:42  Supply Depot, Marine x2  
  93  6:45  Medivac x2  
  104  6:49  Barracks Reactor x2  
  104  6:50  Marine  
  104  6:52  SCV x3  
  108  6:56  Refinery  
  108  6:57  Supply Depot  
  108  6:58  Marine  
  109  7:01  Armory  
  109  7:04  SCV x3, Siege Tank  
  109  7:07  Marine x2  
  117  7:11  Combat Shield  
  117  7:18  Marine x2  
  117  7:19  SCV x3  
  117  7:20  Supply Depot  
  117  7:21  Marine  
  117  7:22  Supply Depot  
  123  7:26  Marine x2  
  125  7:30  Supply Depot  
  125  7:35  Supply Depot  
  125  7:41  Marine x3  
  125  7:42  SCV, Medivac x2  
  125  7:43  Marine  
  125  7:44  SCV  
  135  7:50  Marine x4  
  135  7:51  Marine  
  132  7:57  SCV x2  
  135  7:59  Marine  
  135  8:00  Terran Infantry Weapons Level 2, Terran Infantry Armor Level 2  
  135  8:01  Marine x2  
  135  8:02  Marine  
  138  8:06  Drilling Claws  
  138  8:08  Siege Tank  
  141  8:12  Marine  
  141  8:13  Marine  
  141  8:14  Marine  
  141  8:17  Marine x2  
  144  8:22  Medivac x2  
  148  8:32  Marine x3  
  148  8:33  Marauder, Marine  
  154  8:35  Command Center  
  154  8:40  Marine x2  
  152  8:43  Marine x2  
  154  8:48  Terran Vehicle And Ship Armor Level 1  
  154  8:50  Marine x2  
  156  8:56  Marine  
  156  9:00  Supply Depot x2  
  156  9:02  Supply Depot  
  157  9:12  Marine x2  
  157  9:20  Barracks x2  
  157  9:21  Medivac, Marine x3  
  157  9:22  Marauder, Marine x2, Medivac, SCV, Barracks  
  170  9:30  Marine  
  170  9:39  Marine x5  
  170  9:40  Sensor Tower  
  170  9:43  Marauder  
  170  9:44  Marauder  
  170  9:45  Widow Mine  
  181  9:46  Widow Mine  
  181  9:48  Marine  
  181  9:51  Medivac  
  181  9:52  Medivac  
  188  9:57  Marine x3  
  191  10:01  Marine x2  
  191  10:04  Marauder  
  196  10:07  Marauder, Widow Mine  
  196  10:08  Widow Mine  
  172  10:17  Marine  
  172  10:19  Marine x3  
  164  10:21  Medivac  
  164  10:22  Medivac, Marine x2  
  164  10:26  Marauder  
  164  10:27  SCV x3  
  175  10:28  Widow Mine  
  175  10:29  Marauder, Widow Mine  
  175  10:34  Barracks Reactor, Barracks Tech Lab  
  175  10:35  Marine, Barracks Reactor  
  175  10:37  Marine x3  
Show
View Real Time Build Order
Export as new Build Order

Cham Zerg 

Build Orders: Hatch First 

Get SALT Encoding   

  12  0:01  Drone  
  13  0:08  Drone  
  14  0:17  Overlord  
  14  0:36  Drone x2  
  16  0:48  Hatchery  
  15  0:52  Drone  
  15  0:56  Drone  
  17  1:00  Drone  
  18  1:04  Extractor  
  17  1:16  Spawning Pool  
  16  1:19  Drone  
  16  1:24  Drone  
  18  1:30  Drone  
  19  1:59  Overlord  
  19  2:03  Queen x2  
  19  2:04  Zergling x4  
  25  2:09  Metabolic Boost  
  25  2:16  Drone x2  
  25  2:17  Drone  
  28  2:42  Hatchery  
  28  2:43  Drone  
  28  2:47  Drone x3  
  28  2:50  Overlord  
  31  2:56  Drone x2  
  33  3:04  Queen  
  35  3:07  Overlord  
  35  3:16  Drone x4  
  35  3:18  Drone  
  40  3:21  Drone  
  40  3:22  Drone  
  40  3:26  Drone  
  43  3:30  Queen  
  45  3:39  Queen  
  47  3:46  Zergling x2  
  47  3:47  Zergling x8  
  52  3:48  Overlord  
  52  3:54  Zergling x2  
  52  3:55  Drone x2  
  55  3:59  Queen  
  57  4:05  Drone  
  57  4:08  Drone  
  57  4:09  Drone x3  
  62  4:15  Drone x2  
  64  4:18  Queen  
  64  4:23  Overlord  
  66  4:28  Spore Crawler  
  65  4:32  Spore Crawler x3, Overlord  
  62  4:40  Overlord  
  62  4:42  Roach Warren  
  61  4:46  Zergling x6  
  61  4:47  Zergling x2, Drone  
  61  4:51  Drone x2  
  68  4:53  Drone x2  
  68  4:59  Drone x2  
  72  5:00  Drone x3  
  72  5:01  Drone  
  72  5:04  Drone x2  
  72  5:05  Drone  
  79  5:09  Drone  
  79  5:11  Drone  
  79  5:14  Drone  
  79  5:18  Drone x2  
  79  5:19  Drone  
  78  5:22  Lair  
  78  5:24  Drone  
  78  5:25  Drone x2  
  81  5:37  Overlord  
  81  5:38  Overlord x2  
  81  5:42  Overlord  
  80  5:43  Extractor, Baneling Nest  
  80  5:44  Evolution Chamber  
  80  5:45  Evolution Chamber, Extractor  
  80  5:47  Extractor, Drone  
  80  5:49  Extractor, Drone  
  76  5:50  Drone x4  
  76  5:52  Drone x2  
  76  5:53  Drone  
  80  5:58  Zergling x4  
  80  6:01  Drone x2  
  84  6:06  Drone, Spine Crawler  
  84  6:08  Drone  
  84  6:10  Overlord, Drone  
  82  6:20  Zerg Melee Weapons Level 1, Zerg Ground Armor Level 1  
  82  6:22  Hatchery  
  82  6:23  Zergling x6  
  85  6:25  Drone  
  85  6:28  Centrifical Hooks  
  85  6:32  Roach  
  87  6:35  Roach  
  87  6:37  Overlord x2  
  87  6:38  Roach  
  90  6:45  Drone x3  
  90  6:48  Roach x2  
  90  6:49  Roach  
  90  6:52  Drone x2  
  90  6:53  Overlord  
  98  7:02  Zergling x4  
  98  7:03  Zergling x4  
  98  7:04  Ravager x3  
  98  7:06  Zergling x4  
  98  7:07  Overlord  
  107  7:10  Baneling x2  
  107  7:11  Baneling x2  
  107  7:13  Baneling x2  
  107  7:14  Baneling  
  107  7:15  Zergling x4  
  109  7:19  Overlord  
  109  7:21  Zergling x4  
  111  7:27  Overseer  
  111  7:30  Zergling x8  
  111  7:31  Overlord  
  111  7:34  Drone x2  
  111  7:35  Drone  
  118  7:38  Zergling x6  
  118  7:41  Zergling x2  
  118  7:43  Zergling x2  
  123  7:47  Zergling x4  
  123  7:50  Drone x4  
  121  7:53  Drone  
  121  7:56  Drone  
  121  7:57  Queen  
  121  7:58  Infestation Pit, Drone  
  125  7:59  Drone x2, Spine Crawler  
  125  8:00  Drone  
  125  8:01  Drone x2  
  125  8:02  Drone  
  125  8:04  Drone  
  130  8:07  Drone  
  130  8:08  Drone  
  130  8:16  Drone x2  
  130  8:17  Zergling x2  
  130  8:19  Zergling x2  
  135  8:20  Zergling x2  
  135  8:21  Baneling x2  
  135  8:22  Baneling x4  
  135  8:23  Overlord, Zergling x6  
  135  8:25  Zergling x4  
  140  8:29  Overlord  
  140  8:30  Zergling x2  
  140  8:31  Overlord, Zergling x6  
  140  8:32  Zergling x2  
  145  8:41  Zergling x6  
  144  8:42  Overlord, Drone  
  144  8:44  Hive  
  144  8:48  Zergling x2  
  147  8:49  Overlord  
  148  8:55  Zergling x4  
  148  8:56  Overlord, Zergling x4  
  148  8:58  Drone x2  
  148  9:01  Drone x2  
  148  9:02  Overlord, Extractor x2  
  153  9:08  Zergling x4  
  155  9:11  Zergling x6  
  155  9:15  Zergling x4  
  155  9:16  Zergling x4  
  162  9:17  Baneling x4  
  162  9:18  Zergling x2  
  162  9:19  Zergling x2  
  162  9:21  Zergling x2  
  165  9:27  Overlord  
  165  9:28  Zergling x4  
  165  9:29  Zergling x4  
  167  9:33  Baneling x3  
  167  9:38  Extractor  
  167  9:40  Zergling x4  
  167  9:41  Overlord, Zergling x2  
  167  9:43  Zergling x4  
  171  9:46  Baneling x10  
  171  9:50  Zergling x2  
  171  9:51  Zergling x10  
  177  9:53  Zergling x2  
  177  9:59  Hatchery, Zergling x4  
  171  10:01  Zergling x2  
  171  10:03  Zergling x2  
  149  10:17  Zergling x4  
  131  10:24  Zergling x2  
  131  10:25  Ultralisk Cavern, Zergling x18  
  128  10:30  Zergling x2  
  128  10:33  Zergling x2  
  119  10:35  Zergling x2  
Tags
 
Add a new tag
Caveats
  • Supply blocks, unpowered buildings, or Contaminate may cause inaccurate times.
  • Supply counts are checked every 10 seconds.